 Dungeon Crawl Stone Soup version 0.31-a0-152-g6aa68a64a1 (webtiles) character file.

Game seed: 9952494320327471217

330 qw the Shooter (level 6, -9/53 HPs)
             Began as a Minotaur Hunter on June 9, 2023.
             Was a Follower of Okawaru.
             Engulfed by a steam dragon's steam (10 damage)
             ... on level 4 of the Dungeon.
             The game lasted 00:00:53 (2295 turns).

qw the Shooter (Minotaur Hunter)                    Turns: 2295, Time: 00:00:54

Health: -9/53      AC:  3    Str: 15    XL:     6   Next: 26%
Magic:  3/5        EV: 15    Int:  6    God:    Okawaru [*.....]
Gold:   141        SH:  0    Dex: 16    Spells: 5/5 levels left

rFire   . . .        Y - +0 shortbow
rCold   . . .        (shield currently unavailable)
rNeg    . . .        c - +0 leather armour of the Prince of Darkness {rElec}
rPois   .            (helmet restricted)
rElec   +            (no cloak)
rCorr   .            (no gloves)
SInv    .            (no boots)
Will    .....        (no amulet)
Stlth   +++          (no ring)
HPRegen 0.28/turn    (no ring)
MPRegen 0.09/turn

%: no passive effects
@: heroic
A: horns 2, retaliatory headbutt
a: Renounce Religion, Heroism


You were on level 4 of the Dungeon.
You worshipped Okawaru.
Okawaru was aware of your devotion.
You visited 1 branch of the dungeon, and saw 4 of its levels.

You collected 253 gold pieces.
You spent 112 gold pieces at shops.


Innate Abilities, Weirdness & Mutations

You have a pair of horns on your head.
You reflexively headbutt those who attack you in melee.


   Skills:
 - Level 4.3(9.3) Fighting
 + Level 7.5(12.5) Ranged Weapons
 - Level 0.8(5.8) Armour
 - Level 2.1(7.1) Dodging
 - Level 0.7(5.7) Stealth
 + Level 0.0 Invocations


You had 5 spell levels left.
You didn't know any spells.
Your spell library was empty.

Inventory:

Hand Weapons
 Y - a +0 shortbow (weapon)
Armour
 c - the +0 leather armour of the Prince of Darkness (worn) {rElec}
   (You found it on level 3 of the Dungeon)

   rElec:     It insulates you from electricity.
 e - a +0 ring mail
Scrolls
 a - a scroll of identify
Potions
 d - a potion of resistance
 j - a potion of might

Dungeon Overview and Level Annotations

Branches:
Dungeon (4/15)             Temple (0/1) D:4

Altars:
Elyvilon
Kikubaaqudgha
Makhleb
Nemelex Xobeh
Okawaru
Ru
Yredelemnul

Shops:
D:2 *

Annotations:
D:3 3 runed translucent doors, qw's ghost, amateur GrHu; qw's ghost, amateur MiHu


Message History

Okawaru is honoured by your kill.
You can now gain great but temporary skills.
The quokka barely misses you. You furiously retaliate!
You headbutt the quokka, but do no damage.
You have reached level 6!
2285 ||| INVOKING Heroism.
You gain the combat prowess of a mighty hero.
The quokka closely misses you.
You shoot an arrow. The arrow hits the quokka!
You kill the quokka!
Okawaru accepts your kill.
You shoot an arrow.
The arrow barely misses the steam dragon.
You shoot an arrow.
The arrow hits the steam dragon but does no damage.
The steam dragon is moderately wounded.
You shoot an arrow. The arrow hits the steam dragon.
The steam dragon is heavily wounded.
You shoot an arrow. The arrow hits the steam dragon.
The steam dragon is severely wounded.
You shoot an arrow. The arrow hits the steam dragon.
The steam dragon is severely wounded.
You shoot an arrow.
The arrow hits the steam dragon but does no damage.
The steam dragon is severely wounded.
The steam dragon breathes steam at you. The ball of steam hits you!
An endoplasm comes into view.
The endoplasm quivers.
You shoot an arrow.
The arrow hits the steam dragon but does no damage.
The steam dragon is severely wounded.
You shoot an arrow.
The arrow barely misses the steam dragon.
You are engulfed in a cloud of scalding steam.
The steam dragon closely misses you. The steam dragon claws you.
You shoot an arrow. The arrow hits the steam dragon.
The steam dragon is severely wounded.
You are engulfed in a cloud of scalding steam.
You die...

....#.# ...#.# .
..#.# . ...# .#
..###J##. ...
#..#.........#...
#...............# #
##¤¤#..}...}..##.#.y
#.¤@#.........#..#.
#.¤.D¤...>........
#..¤#.........##r#
#...#¤¤}...}..##.#
###.............D#..
###.........#...#
#.##.##.##.#...
#.....##...(#
...#....#####.#


You could see a steam dragon (catching breath) and an endoplasm.

Vanquished Creatures
  An ogre (D:4)
  A killer bee (D:4)
  A hound (D:4)
  A jelly (D:3)
  Natasha (twice) (D:3)
  3 gnolls (D:3)
  An adder (D:2)
  2 orcs (D:3)
  8 ball pythons
  7 bats
  5 endoplasms
  5 goblins
  5 hobgoblins
  6 jackals
  3 quokkas
  3 frilled lizards
  2 kobolds (D:1)
  5 rats
61 creatures vanquished.

Notes
Turn   | Place    | Note
-------+----------+-------------------------------------------
     0 | D:1      | qw the Minotaur Hunter began the quest for the Orb.
     0 | D:1      | Reached XP level 1. HP: 18/18 MP: 0/0
     0 | D:1      | 0 ||| qw: Version: 0.2-a-122-gbc61b45
     0 | D:1      | 0 ||| qw: Game counter: 3473
     0 | D:1      | 0 ||| qw: Always use a shield: true
     0 | D:1      | 0 ||| qw: God list: Okawaru
     0 | D:1      | 0 ||| qw: Allow faded altars: false
     0 | D:1      | 0 ||| qw: Do Orc after D:15 true
     0 | D:1      | 0 ||| qw: Do second Lair branch before Depths: true
     0 | D:1      | 0 ||| qw: Lair rune preference: random
     0 | D:1      | 0 ||| qw: Plans: Normal
     0 | D:1      | 0 ||| PLANNING D:1-11
   103 | D:1      | Reached XP level 2. HP: 25/25 MP: 1/1
   131 | D:1      | Reached skill level 5 in Ranged Weapons
   552 | D:1      | Reached skill level 3 in Fighting
   755 | D:1      | 755 ||| READING 3 scrolls labelled KINAQALUAG.
   756 | D:1      | 756 ||| READING scroll labelled UCKAKLIMIG.
   757 | D:1      | 757 ||| READING scroll labelled EKIOVV CACUIMA.
   758 | D:1      | 758 ||| READING 2 scrolls labelled FOFORI CUSMEON.
   763 | D:1      | 763 ||| READING scroll labelled EQUAMU OSE.
   764 | D:1      | 764 ||| READING 3 scrolls labelled IZUETSI XUDE.
   765 | D:1      | 765 ||| READING 2 scrolls of identify.
   765 | D:1      | 765 ||| IDENTIFYING murky coppery potion
   766 | D:1      | 766 ||| DROPPING scroll of butterflies.
   767 | D:1      | 767 ||| DROPPING potion of ambrosia.
   768 | D:1      | 768 ||| DROPPING 2 scrolls of noise.
   829 | D:2      | Reached XP level 3. HP: 31/31 MP: 2/2
  1182 | D:2      | Found Libb's Assorted Antiques.
  1187 | D:2      | 1187 ||| BUYING lumpy coppery potion (20 gold).
  1187 | D:2      | Bought a lumpy coppery potion for 20 gold pieces
  1187 | D:2      | 1187 ||| BUYING ring mail (92 gold).
  1187 | D:2      | Bought a ring mail for 92 gold pieces
  1187 | D:2      | 1187 ||| SHOPLISTING runed ivory wand (92 gold, have 27).
  1187 | D:2      | 1187 ||| SHOPLISTING shiny ring mail (161 gold, have 27).
  1233 | D:2      | Found a burning altar of Makhleb.
  1314 | D:2      | 1314 ||| UPGRADING to +0 ring mail.
  1324 | D:2      | 1324 ||| DROPPING +0 leather armour.
  1325 | D:2      | 1325 ||| READING 3 scrolls of identify.
  1325 | D:2      | 1325 ||| IDENTIFYING clear potion
  1326 | D:2      | 1326 ||| READING 2 scrolls of identify.
  1326 | D:2      | 1326 ||| IDENTIFYING lumpy coppery potion
  1327 | D:2      | 1327 ||| DROPPING potion of attraction.
  1464 | D:3      | Identified the +0 leather armour of the Prince of Darkness
                  | {rElec}
  1504 | D:3      | Found a sacrificial altar of Ru.
  1596 | D:3      | Found an iron altar of Okawaru.
  1597 | D:3      | 1597 ||| PLANNING OKAWARU WORSHIP
  1597 | D:3      | 1597 ||| UPGRADING to +0 leather armour of the Prince of
                  | Darkness {rElec}.
  1607 | D:3      | 1607 ||| DRINKING 2 red potions.
  1614 | D:3      | Found an ancient bone altar of Kikubaaqudgha.
  1616 | D:3      | Became a worshipper of Warmaster Okawaru
  1616 | D:3      | 1616 ||| PLANNING D:1-11
  1619 | D:3      | Found a basalt altar of Yredelemnul.
  1619 | D:3      | Found a white marble altar of Elyvilon.
  1626 | D:3      | Found a sparkling altar of Nemelex Xobeh.
  1627 | D:3      | Noticed Natasha
  1634 | D:3      | Killed Natasha
  1635 | D:3      | Reached skill level 6 in Ranged Weapons
  1635 | D:3      | Reached XP level 4. HP: 30/38 MP: 3/3
  1837 | D:3      | Found a runed translucent gate.
  1837 | D:3      | Found a runed translucent gate.
  1839 | D:3      | Found a runed translucent gate.
  1840 | D:3      | Noticed qw's ghost (amateur MiHu)
  1840 | D:3      | Noticed qw's ghost (amateur GrHu)
  1854 | D:3      | Noticed Natasha
  1863 | D:3      | Killed Natasha
  1864 | D:3      | Reached XP level 5. HP: 19/47 MP: 4/4
  1881 | D:3      | 1881 ||| FLEEEEING.
  1899 | D:3      | 1899 ||| FLEEEEING.
  1900 | D:3      | 1900 ||| FLEEEEING.
  1901 | D:3      | 1901 ||| FLEEEEING.
  2236 | D:3      | 2236 ||| READING 2 scrolls of identify.
  2236 | D:3      | 2236 ||| IDENTIFYING fizzy black potion
  2253 | D:4      | Found a staircase to the Ecumenical Temple.
  2267 | D:4      | Noticed a steam dragon
  2268 | D:4      | HP: 10/47 [steam dragon (6)]
  2269 | D:4      | 2269 ||| READING scroll of teleportation.
  2270 | D:4      | 2270 ||| DRINKING potion of heal wounds.
  2270 | D:4      | Noticed a hornet
  2277 | D:4      | Noticed an ogre
  2278 | D:4      | Reached skill level 7 in Ranged Weapons
  2278 | D:4      | 2278 ||| FLEEEEING.
  2279 | D:4      | 2279 ||| FLEEEEING.
  2284 | D:4      | Killed an ogre
  2284 | D:4      | Reached * piety under Okawaru
  2285 | D:4      | Reached XP level 6. HP: 17/53 MP: 5/5
  2285 | D:4      | 2285 ||| INVOKING Heroism.
  2292 | D:4      | HP: 2/53 [steam dragon/ball of steam (17)]
  2295 | D:4      | Engulfed by a steam dragon's steam

Levels and vault maps discovered:
D:1:      reono_arrival_forest_river, layout_loops_ring, grunt_decor_one_mirror,
          st_stairs_10, minivault_5
D:2:      layout_loops_ring, serial_shops, shop, basic_altar, minmay_unequal
D:3:      layout_loops_ring, mainiacjoe_overflow_alcove_2,
          nicolae_overflow_hallway_of_the_gods, gammafunk_ghost_cemetery,
          uniq_natasha
D:4:      layout_rooms, mainiacjoe_overflow_cross_hatched,
          minmay_temple_entry_large_hall, minmay_manual_mail, uniq_ijyb

Skill      XL: |  1  2  3  4  5 |
---------------+----------------+-----
Ranged Weapons | 5 6 7 |  7.5
Fighting       | 3 4 |  4.3
Armour         | |  0.8
Dodging        | |  2.1
Stealth        | |  0.7

Action                     |  1- 3 |  4- 6 || total
---------------------------+-------+-------++-------
   Fire: Shortbow          |   116 |    58 ||   174
 Invoke: Heroism           |       |     1 ||     1
    Use: Scroll            |     9 |     2 ||    11
         Potion            |     1 |     1 ||     2
 Armour: Leather armour    |     6 |     7 ||    13
         Ring mail         |     2 |       ||     2
  Dodge: Dodged            |    34 |    27 ||    61

Table legend:
 A = Non-vault XP
 B = Vault XP
 C = Vault XP percentage of total XP
 D = Non-vault monster count
 E = Vault monster count
 F = Vault count percentage of total count
                 A         B        C        D         E       F
            +---------+---------+-------+---------+---------+-------
      Total |     362 |     110 |  23.3 |      50 |      11 |  18.0
            +---------+---------+-------+---------+---------+-------
        D:1 |      29 |       4 |  12.1 |      18 |       3 |  14.3
        D:2 |      36 |       7 |  16.3 |      14 |       5 |  26.3
        D:3 |     139 |      35 |  20.1 |      15 |       1 |   6.2
        D:4 |     158 |      64 |  28.8 |       3 |       2 |  40.0
            +---------+---------+-------+---------+---------+-------
